 Dungeon Crawl Stone Soup version 0.29.1-15-g9cfb28693d (webtiles) character file.

Game seed: 10941387308362974146

1175 leafyfresh the Covert (level 8, -5/58 HPs)
             Began as an Octopode Delver on Feb 24, 2023.
             Shot with an arrow by a centaur (10 damage)
             ... on level 6 of the Dungeon.
             The game lasted 00:06:46 (7453 turns).

leafyfresh the Covert (Octopode Delver)             Turns: 7453, Time: 00:06:47

Health: -5/58      AC:  1    Str: 11    XL:     8   Next: 41%
Magic:  8/8        EV: 13    Int: 14    God:
Gold:   157        SH:  0    Dex: 14    Spells: 7/7 levels left

rFire   + . .      SeeInvis .   y - +2 quarterstaff (chaos)
rCold   . . .      Faith    .   (shield currently unavailable)
rNeg    . . .      Spirit   .   (helmet restricted)
rPois   .          Reflect  .   (no amulet)
rElec   .          Harm     .   d - ring of protection from fire
rCorr   .          Rampage  .   (no ring)
Will    .....                   (no ring)
Stlth   ++++++....              (no ring)
HPRegen 0.19/turn               (no ring)
MPRegen 0.11/turn               (no ring)
                                (no ring)
                                (no ring)

@: lethally poisoned (-5 -> -8)
A: almost no armour, amphibious, 8 rings, camouflage 1, gelatinous body 1,
(nimble swimmer 1), tentacles
a: no special abilities


You were on level 6 of the Dungeon.
You visited 1 branch of the dungeon, and saw 6 of its levels.

You collected 157 gold pieces.

Inventory:

Hand Weapons
 a - a +0 short sword
 y - a +2 quarterstaff of chaos (weapon)
 z - a +2 vampiric scythe
Missiles
 k - 2 throwing nets (quivered)
Jewellery
 d - a ring of protection from fire (left tentacle)
Wands
 f - a wand of digging (3)
 n - a wand of charming (9)
Scrolls
 b - 4 scrolls of fog
 c - 3 scrolls of magic mapping
 h - a scroll of noise {unknown}
 j - 3 scrolls of poison {unknown}
 m - a scroll of blinking {unknown}
 p - 4 scrolls of teleportation {unknown}
 r - 3 scrolls of identify {unknown}
 s - a scroll of acquirement {unknown}
 u - a scroll of fear
 v - a scroll of torment {unknown}
Potions
 e - a potion of haste
 i - a potion of magic {unknown}
 l - 3 potions of flight
 o - a potion of lignification {unknown}
 q - a potion of curing {unknown}
 t - a potion of attraction {unknown}
 w - a potion of might {unknown}
 x - a potion of ambrosia {unknown}


   Skills:
 + Level 6.7 Fighting
 - Level 2.0 Short Blades
 - Level 2.0 Dodging
 + Level 12.6 Stealth
 - Level 0.2 Spellcasting


You had 7 spell levels left.
You didn't know any spells.
Your spell library contained the following spells:

 Spells                   Type           Power      Damage    Failure   Level
 Summon Small Mammal      Summ           0%         N/A       28%         1
 Call Canine Familiar     Summ           0%         N/A       65%         3
 Gell's Gravitas          Tloc           0%         N/A       65%         3
 Summon Guardian Golem    Hex/Summ       0%         N/A       65%         3
 Teleport Other           Tloc           0%         N/A       65%         3
 Dispersal                Tloc           0%         N/A       100%        6


Dungeon Overview and Level Annotations

Branches:
Dungeon (6/15)
 Temple: D:4-7

Altars:
Ashenzari
Gozag
Nemelex Xobeh
Ru
Trog
The Shining One

Shops:
D:3 ?

Annotations:
D:4 Menkaure


Innate Abilities, Weirdness & Mutations

You cannot wear most types of armour.
You are amphibious.
You can wear up to eight rings at the same time.
Your skin changes colour to match your surroundings (Stealth+).
Your rubbery body absorbs attacks. (AC +1, EV +1)
((You are camouflaged when in or above water. (Stealth+)))
You have tentacles for arms and can constrict up to eight enemies at once.


Message History

You are starting to lose your buoyancy.
You start resting.
You float gracefully downwards.
You start resting.
You start resting.
HP restored.
You start waiting.
Done waiting.
Things that are here:
a +1 whip of flaming; a +0 robe; the kobold skeleton of Pikel No target in view!
Done exploring.
No target in view!
Done exploring.
No target in view!
Done exploring.
No target in view!
Done exploring.
No target in view!
There is a stone staircase leading down, spattered with blood here.
There is a stone staircase leading down, spattered with blood here.
Things that are here:
a +1 whip of flaming; a +0 robe; the kobold skeleton of Pikel
There is a stone staircase leading down, spattered with blood here.
You start waiting.
Done waiting.
You climb downwards.
The adder closely misses you.
The centaur shoots an arrow.
The arrow hits you! The jelly hits you.
You are splashed with acid!
The adder bites you.
You are poisoned.
The adder poisons you!
The centaur shoots an arrow.
The arrow hits you!
There is a stone staircase leading up, spattered with blood here.
There are monsters nearby!
You feel sick.
The centaur shoots an arrow.
The arrow hits you. The adder misses you. The jelly hits you.
* * * LOW HITPOINT WARNING * * *
You are splashed with acid!
* * * LOW HITPOINT WARNING * * *
The orc barely misses you.
The centaur shoots an arrow.
The arrow hits you!
You die...

##.. #... #...
. #..# #..
#...# ..
..#....###.#
..?....$...##
......o@S...#
.###...J.....#
##.....##.#
#.......
#..../...
#......#...
##.........
.##....c.#


You could see a centaur, a jelly, an adder and an orc.

Vanquished Creatures
  Pikel (D:5)
  Sigmund (D:3)
  3 scorpions
  A hound (D:5)
  Crazy Yiuf (D:2)
  3 orc priests (D:3)
  An iguana (D:4)
  3 gnolls (D:2)
  9 adders
  A white imp (D:5)
  2 worms
  4 dart slugs
  13 orcs
  4 ball pythons
  10 endoplasms
  2 giant cockroaches
  6 goblins
  10 hobgoblins
  2 jackals (D:5)
  6 kobolds
  3 quokkas
  6 bats
  6 frilled lizards
  3 rats
101 creatures vanquished.

Vanquished Creatures (others)
  A plant (D:1)
1 creature vanquished.

Grand Total: 102 creatures vanquished

Notes
Turn   | Place    | Note
-------+----------+-------------------------------------------
     0 | D:5      | leafyfresh the Octopode Delver began the quest for the Orb.
     0 | D:5      | Reached XP level 1. HP: 16/16 MP: 1/1
    56 | D:5      | Noticed a hound
    61 | D:5      | Killed a hound
    62 | D:5      | Reached skill level 7 in Stealth
    62 | D:5      | Reached XP level 2. HP: 18/21 MP: 2/2
    62 | D:5      | Reached XP level 3. HP: 22/26 MP: 3/3
   151 | D:5      | Noticed a scorpion
   157 | D:5      | Killed a scorpion
   158 | D:5      | Reached skill level 9 in Stealth
   158 | D:5      | Reached XP level 4. HP: 31/31 MP: 4/4
   294 | D:5      | Noticed a scorpion
  1001 | D:4      | Found a sacrificial altar of Ru.
  1026 | D:4      | Reached XP level 5. HP: 36/36 MP: 5/5
  1352 | D:4      | Reached XP level 6. HP: 43/43 MP: 6/6
  1393 | D:4      | Reached skill level 10 in Stealth
  1466 | D:4      | Found a glowing golden altar of the Shining One.
  1466 | D:4      | Found a bloodstained altar of Trog.
  1466 | D:4      | Found a broken altar of Ashenzari.
  1532 | D:4      | Noticed Menkaure
  2759 | D:3      | Found Waoc's Magic Scroll Boutique.
  2841 | D:3      | Found a sparkling altar of Nemelex Xobeh.
  4050 | D:1      | Found a faded altar of an unknown god.
  4260 | D:1      | Reached XP level 7. HP: 49/49 MP: 7/7
  5097 | D:2      | Found a runed translucent door.
  5098 | D:2      | Noticed Crazy Yiuf
  5212 | D:2      | Found an opulent altar of Gozag.
  5597 | D:2      | Killed Crazy Yiuf
  5598 | D:2      | Reached skill level 5 in Fighting
  5598 | D:2      | Reached skill level 11 in Stealth
  5979 | D:3      | Noticed Sigmund
  5986 | D:3      | Killed Sigmund
  6938 | D:6      | Noticed Pikel
  6954 | D:5      | Killed Pikel
  6955 | D:5      | Reached skill level 12 in Stealth
  6955 | D:5      | Reached XP level 8. HP: 5/58 MP: 8/8
  7453 | D:6      | Shot with an arrow by a centaur

Illustrated notes

Levels and vault maps discovered:
D:1:      wander_arrival_desolate, layout_rooms, chequers_ecumenical_altar_lobes
D:2:      layout_basic, basic_altar, minmay_diced_spiral,
          uniq_crazy_yiuf_cottage
D:3:      layout_loops_cross, mainiacjoe_overflow_paths, serial_shops,
          nicolae_shop_advertising_works [nicolae_subvault_shop_adworks],
          uniq_sigmund
D:4:      layout_loops_cross, mainiacjoe_overflow_small_starburst,
          gammafunk_temple_overflow_claw, minmay_misc_feat_ornament,
          st_stairs_2, kennysheep_donut, uniq_menkaure
D:5:      layout_loops_cross, kennysheep_decorative_pillar
D:6:      layout_cave_pools, minmay_temple_entry_gardened_gates, uniq_pikel,
          uniq_grinder, uniq_maggie

Skill      XL: |  1  2  3  4  5  6  7 |
---------------+----------------------+-----
Stealth        | 7 9 10 12 | 12.6
Fighting       | 4 6 |  6.7
Short Blades   | |  2.0
Dodging        | |  2.0
Spellcasting   | |  0.2

Action                   |  1- 3 |  4- 6 |  7- 9 || total
-------------------------+-------+-------+-------++-------
Melee: Short sword       |     3 |   147 |    35 ||   185
       Constrict         |     1 |    36 |    17 ||    54
       Tentacles         |       |    36 |    11 ||    47
       Punch             |       |     2 |       ||     2
       Quarterstaff      |       |       |    33 ||    33
  Use: Scroll            |       |     1 |     1 ||     2
       Potion            |       |       |     3 ||     3
 Stab: Sleeping          |     2 |    16 |     8 ||    26
       Distracted        |       |     3 |       ||     3
       Fleeing           |       |       |     2 ||     2
Armor: Skin              |       |    11 |     3 ||    14
Dodge: Dodged            |     1 |   113 |    49 ||   163
